 Dungeon Crawl Stone Soup version 0.31.0-32-g396128a36d (webtiles) character file.

Game seed: 7638476852055674137

1185 Heoruswealwe the Thaumaturge (level 8, 0/41 HPs)
             Began as a Deep Elf Conjurer on Apr 19, 2024.
             Slain by a troll (2 damage)
             ... on level 5 of the Dungeon.
             The game lasted 00:43:31 (4786 turns).

Heoruswealwe the Thaumaturge (Deep Elf Conjurer)    Turns: 4786, Time: 00:43:31

Health: 0/41       AC:  3    Str:  4    XL:     8   Next: 19%
Magic:  13/23      EV: 12    Int: 26    God:
Gold:   199        SH:  0    Dex: 13    Spells: 15/26 levels left

rFire   + . .        b - +2 war axe (elec)
rCold   + . .        (no shield)
rNeg    . . .        c - +0 robe
rPois   .            g - +0 helmet
rElec   .            (no cloak)
rCorr   .            (no gloves)
SInv    .            (no boots)
Will    .....        (no amulet)
Stlth   ++           k - ring of protection from fire
HPRegen 0.26/turn    j - ring of protection from cold
MPRegen 0.18/turn

%: no passive effects
@: no status effects
A: no striking features
a: no special abilities


You were on level 5 of the Dungeon.
You visited 1 branch of the dungeon, and saw 5 of its levels.

You collected 199 gold pieces.

Inventory:

Hand Weapons
 b - a +2 war axe of electrocution (weapon)
Armour
 c - a +0 robe (worn)
 g - a +0 helmet (worn)
 h - a +0 robe
 s - a +0 robe
Jewellery
 j - a ring of protection from cold (right hand)
 k - a ring of protection from fire (left hand)
Wands
 i - a wand of flame (22)
 u - a wand of digging (4)
Scrolls
 a - a scroll of enchant armour {unknown}
 d - a scroll of identify {unknown}
 e - 2 scrolls of vulnerability {unknown}
 m - 3 scrolls of noise {unknown}
 n - a scroll of poison {unknown}
 o - a scroll of enchant weapon {unknown}
 q - a scroll of torment {unknown}
 t - 3 scrolls of fog {unknown}
 w - 2 scrolls of fear {unknown}
 x - 3 scrolls of teleportation {unknown}
 y - 2 scrolls of immolation {unknown}
 B - a scroll of summoning {unknown}
Potions
 f - a potion of mutation {unknown}
 l - a potion of might {unknown}
 p - 2 potions of lignification
 r - a potion of brilliance {unknown}
 v - 2 potions of enlightenment {unknown}
 z - a potion of resistance {unknown}
 A - 3 potions of curing


   Skills:
 - Level 2.4 Dodging
 - Level 2.4 Stealth
 + Level 9.5 Spellcasting
 + Level 8.8 Conjurations


You had 15 spell levels left.
You knew the following spells:

 Your Spells              Type           Power      Damage    Failure   Level
a - Magic Dart            Conj           100%       1d8       1%          1
b - Searing Ray           Conj           100%       2d8       1%          2
c - Fulminant Prism       Conj/Alch      17%        3d10      8%          4
d - Iskenderun's Mystic   Conj/Tloc      35%        2d8       8%          4

Your spell library contained the following spells:

 Spells                   Type           Power      Damage    Failure   Level


Dungeon Overview and Level Annotations

Branches:
Dungeon (5/15)
 Temple: D:4-7

Altars:
Cheibriados
Elyvilon
Fedhas
Gozag
Hepliaklqana
Kikubaaqudgha
Nemelex Xobeh
Okawaru
Xom


Message History

Okay, then.
The magic dart hits the troll but does no damage.
The troll is lightly wounded.
Casting: Magic Dart (safe; 1% risk of failure)
Confirm with . or Enter, or press ? or * to list all spells.
Aiming: Searing Ray (safe; 1% risk of failure)
Press: ? - help, Shift-Dir - straight line, f/p - troll
Aim: a troll (lightly wounded, 83% to hit)
The searing ray hits the troll!
The troll is moderately wounded. (Press . to maintain the ray.)
The searing ray misses the troll.
The searing ray hits the troll.
The troll is heavily wounded.
The searing ray hits the troll.
The troll is heavily wounded.
The searing ray hits the iguana!
The iguana is heavily wounded.
You finish channelling your searing ray.
The troll closely misses you. The troll claws you! The troll barely misses you.
Casting: Searing Ray (safe; 1% risk of failure)
Confirm with . or Enter, or press ? or * to list all spells.
Aiming: Searing Ray (safe; 1% risk of failure)
Press: ? - help, Shift-Dir - straight line, f/p - troll
Aim: a troll (heavily wounded, 83% to hit)
The searing ray hits the troll!
The troll is severely wounded.
The searing ray hits the iguana.
The iguana is severely wounded. (Press . to maintain the ray.)
The troll barely misses you. The troll claws you. x2
The searing ray misses the troll.
The searing ray hits the iguana.
The iguana is almost dead.
The troll bites you but does no damage. The troll claws you. x2
The searing ray hits the troll!
The troll is almost dead.
The searing ray misses the iguana.
The troll bites you!
* * * LOW HITPOINT WARNING * * *
The troll claws you.
You die...

##########.......# ..
#........# ########...
#####....)...# #..........
#............# #..!.......
#........##### #.......5..
#.......########........:.
#.........#.[..........$..
#.......#.#..........!..##
####....#@Tl............#
########.............#
#......######## #.......#
#######.# ###.########
#..........# #.....####.#
#.....# #..


You could see a troll and an iguana.

Vanquished Creatures
  Menkaure (D:5)
  A water moccasin (D:5)
  An ice beast (D:5)
  3 ogres
  A centaur (D:5)
  A scorpion (D:5)
  2 howler monkeys (D:4)
  2 hounds
  A bombardier beetle (D:4)
  3 iguanas
  An orc wizard (D:3)
  4 gnolls (D:2)
  8 adders
  A ribbon worm (D:2)
  12 orcs
  8 bats
  6 endoplasms
  2 giant cockroaches
  10 goblins
  6 hobgoblins
  4 jackals (D:3)
  4 quokkas
  6 ball pythons
  3 frilled lizards (D:1)
  7 kobolds
  7 rats
105 creatures vanquished.

Notes
Turn   | Place    | Note
-------+----------+-------------------------------------------
     0 | D:1      | Heoruswealwe the Deep Elf Conjurer began the quest for the
                  | Orb.
     0 | D:1      | Reached XP level 1. HP: 10/10 MP: 6/6
   173 | D:1      | Reached XP level 2. HP: 15/15 MP: 0/8
   184 | D:1      | Learned a level 2 spell: Searing Ray
   596 | D:1      | Reached skill level 4 in Spellcasting
   785 | D:1      | Reached skill level 5 in Conjurations
   785 | D:1      | Reached XP level 3. HP: 19/19 MP: 6/10
  1493 | D:2      | Reached XP level 4. HP: 10/24 MP: 8/12
  1498 | D:2      | Learned a level 4 spell: Fulminant Prism
  1503 | D:2      | Learned a level 4 spell: Iskenderun's Mystic Blast
  1974 | D:2      | Reached skill level 5 in Spellcasting
  2006 | D:2      | Found a faded altar of an unknown god.
  2360 | D:3      | Reached XP level 5. HP: 28/28 MP: 9/15
  2938 | D:4      | Noticed an ogre
  2949 | D:4      | Killed an ogre
  2950 | D:4      | Reached skill level 6 in Spellcasting
  2950 | D:4      | Reached XP level 6. HP: 32/32 MP: 9/17
  3104 | D:4      | Found a white marble altar of Elyvilon.
  3486 | D:4      | Found a hazy altar of Hepliaklqana.
  3551 | D:4      | Found a shimmering altar of Xom.
  3557 | D:4      | Found a sparkling altar of Nemelex Xobeh.
  3560 | D:4      | Found a snail-covered altar of Cheibriados.
  3561 | D:4      | Found an iron altar of Okawaru.
  3568 | D:4      | Found a blossoming altar of Fedhas.
  3658 | D:4      | Reached skill level 7 in Spellcasting
  3772 | D:4      | Found an opulent altar of Gozag.
  4010 | D:5      | Entered Level 5 of the Dungeon
  4061 | D:5      | Reached XP level 7. HP: 18/36 MP: 15/20
  4097 | D:5      | Reached skill level 8 in Spellcasting
  4259 | D:5      | Found an ancient bone altar of Kikubaaqudgha.
  4407 | D:5      | Noticed Menkaure
  4412 | D:5      | Killed Menkaure
  4413 | D:5      | Reached skill level 9 in Spellcasting
  4413 | D:5      | Reached XP level 8. HP: 22/41 MP: 4/23
  4767 | D:5      | Noticed a troll
  4786 | D:5      | HP: 2/41 [troll (15)]
  4786 | D:5      | Slain by a troll

Illustrated notes

Levels and vault maps discovered:
D:1:      eino_arrival_water_cross, layout_loops_ring
D:2:      layout_basic, basic_ecumenical_altar
D:3:      layout_loops_ring
D:4:      minmay_clustersquares, layout_cave_pools, grunt_gozag_breadcrumbs,
          nicolae_hepliaklqana_hippocampus, elyvilon_altar_1,
          nicolae_overflow_hallway_of_the_gods, minmay_misc_feat_columns,
          chequers_big_river
D:5:      layout_basic, kiku_gazebo_garden_becter, roderic_batcave,
          uniq_menkaure

Skill      XL: |  1  2  3  4  5  6  7 |
---------------+----------------------+-----
Spellcasting   | 4 5 6 7 9 |  9.5
Conjurations   | 5 6 7 8 |  8.8
Dodging        | |  2.4
Stealth        | |  2.4

Action                     |  1- 3 |  4- 6 |  7- 9 || total
---------------------------+-------+-------+-------++-------
  Melee: Unarmed           |    18 |       |       ||    18
         War axe           |       |   105 |     5 ||   110
         Punch             |       |     1 |       ||     1
   Cast: Magic Dart        |    46 |    90 |    31 ||   167
         Searing Ray       |     3 |     9 |    13 ||    25
    Use: Potion            |     1 |       |     2 ||     3
 Armour: Robe              |     4 |    12 |    20 ||    36
         Skin              |       |       |     7 ||     7
  Dodge: Dodged            |     3 |    15 |    12 ||    30
